[Event "42nd Olympiad Baku 2016 Open"]
[Site "Baku"]
[Date "2016.09.06"]
[Round "5.24"]
[White "Garcia Paolicchi, Raul"]
[Black "Emuakpeje, Ochuko"]
[Result "1/2-1/2"]
[ECO "E14"]
[WhiteElo "2153"]
[BlackElo "2272"]
[Annotator ""]
[PlyCount "86"]
[EventDate "2016.??.??"]
[EventType "team-tourn"]
[EventCountry "AZE"]
[SourceTitle "playchess.com"]
[Source "ChessBase"]
[WhiteTeam "Andorra"]
[BlackTeam "Nigeria"]
[WhiteTeamCountry "AND"]
[BlackTeamCountry "NGR"]
[TimeControl "40/5400+30:1800+30"]

1. d4 {(00:00)} Nf6 {(00:00)} 2. c4 {(00:00)} e6 {(
00:00)} 3. Nf3 {(00:00)} b6 {(00:00)} 4. e3 {(00:13)} Bb7
{(00:22)} 5. Bd3 {(00:33)} Be7 {(01:20)} 6. O-O {(
00:52)} O-O {(00:23)} 7. Nc3 {(01:18)} d5 {(00:21)} 8.
cxd5 {(00:37)} exd5 {(00:51)} 9. b3 {(00:35)} Nbd7 {
(02:07)} 10. Qc2 {(05:02)} c5 {(02:00)} 11. Bb2 {(
12:16)} a6 {(05:07)} 12. Rac1 {(02:14)} Rc8 {(03:46)} 13.
Qe2 {(01:14)} b5 {(03:49)} 14. dxc5 {(00:31)} Nxc5 {
(01:13)} 15. Bf5 {(02:48)} Rc7 {(05:37)} 16. Rfd1 {
(02:57)} Bd6 {(16:02)} 17. Nd4 {(08:16)} b4 {(03:
54)} 18. Nb1 {(04:15)} Qe7 {(06:18)} 19. Nd2 {(15:24)}
Nce4 {(02:13)} 20. Bxe4 {(04:52)} dxe4 {(11:56)} 21. Nf5 {
(04:19)} Qe6 {(01:42)} 22. Nxd6 {(02:16)} Rxc1 23. Bxc1 {
(00:28)} Qxd6 {(01:42)} 24. Nxe4 {(02:31)} Qc6 {(
04:20)} 25. Nxf6+ {(00:11)} Qxf6 {(00:11)} 26. Bb2 {(02:
25)} Qf5 {(02:10)} 27. f3 {(02:31)} h5 {(05:07)} 28. e4 {
(03:48)} Qe6 {(03:36)} 29. Qd2 {(02:21)} Qb6+ {(03:
58)} 30. Bd4 {(02:42)} Qb5 {(02:12)} 31. Bb2 {(01:56)} Rc8
{(02:57)} 32. h3 {(03:16)} a5 {(02:11)} 33. Kh2 {(
03:49)} Rc5 {(04:43)} 34. h4 {(01:44)} Qc6 {(00:59)} 35.
Qd8+ {(03:43)} Kh7 {(00:03)} 36. Qd4 {(00:15)} f6 {
(01:17)} 37. Rd2 {(00:43)} Qc7+ {(01:19)} 38. g3 {(
01:13)} Qc8 {(01:30)} 39. Qd3 {(02:58)} Kg8 {(01:06)} 40.
Bd4 {(00:00)} Rc1 {(00:00)} 41. Bb2 {(09:58)} Rc5 {
(03:38)} 42. Bd4 {(00:43)} Rc1 {(00:27)} 43. Bb2 {(
00:26)} Rc5 {(00:48)} 1/2-1/2

[Event "42nd Olympiad Baku 2016 Open"]
[Site "Baku"]
[Date "2016.09.06"]
[Round "5.6"]
[White "Gascon Del Nogal, Jose Rafael"]
[Black "Mareco, Sandro"]
[Result "0-1"]
[ECO "B42"]
[WhiteElo "2436"]
[BlackElo "2606"]
[Annotator ""]
[PlyCount "84"]
[EventDate "2016.??.??"]
[EventType "team-tourn"]
[EventCountry "AZE"]
[SourceTitle "playchess.com"]
[Source "ChessBase"]
[WhiteTeam "Venezuela"]
[BlackTeam "Argentina"]
[WhiteTeamCountry "VEN"]
[BlackTeamCountry "ARG"]
[TimeControl "40/5400+30:1800+30"]

1. e4 {(00:00)} c5 {(00:00)} 2. Nf3 {(00:00)} e6 {(
00:00)} 3. d4 {(00:16)} cxd4 {(00:00)} 4. Nxd4 {(00:11)}
a6 {(00:00)} 5. Bd3 {(00:21)} Bc5 {(00:00)} 6. Be3 {
(01:24)} d6 {(01:46)} 7. O-O {(01:51)} Nf6 {(00:09]
} 8. c3 {(00:19)} O-O {(00:07)} 9. Nd2 {(00:31)} Qc7 {
(00:05)} 10. Re1 {(03:35)} Nbd7 {(01:02)} 11. a4 {(
23:17)} Ne5 {(08:56)} 12. Be2 {(00:11)} h6 {(00:08)} 13.
a5 {(07:00)} b5 {(03:23)} 14. axb6 {(00:31)} Bxb6 {
(00:04)} 15. f4 {(20:24)} Ned7 {(01:54)} 16. Bf3 {(
10:59)} Bb7 {(00:14)} 17. Kh1 {(00:36)} e5 {(02:14)} 18.
fxe5 {(04:53)} Nxe5 {(01:31)} 19. Qe2 {(04:02)} Rfe8 {
(10:11)} 20. Nf5 {(02:19)} Re6 {(07:55)} 21. Nd4 {(
04:49)} Ree8 {(05:42)} 22. Nf5 {(00:04)} Rad8 {(24:40)}
23. Qf2 {(06:28)} Bxe3 {(00:05)} 24. Rxe3 {(00:15)} Kh7 {
(00:40)} 25. Qg3 {(00:56)} g6 {(02:17)} 26. Qh4 {(
00:13)} Ng8 {(00:06)} 27. Nd4 {(00:55)} Qb6 {(06:57)} 28.
b4 {(01:33)} Rc8 {(00:17)} 29. Rf1 {(03:10)} Rc7 {(
00:30)} 30. Be2 {(00:26)} a5 {(08:07)} 31. bxa5 {(02:07)}
Qxa5 {(00:03)} 32. Qg3 {(00:37)} Ba6 {(01:43)} 33. N2f3 {
(00:43)} Bxe2 {(00:58)} 34. Rxe2 {(00:57)} Rxc3 {(
04:27)} 35. Nxe5 {(00:07)} Rxg3 {(00:06)} 36. Rxf7+ {(00:
28)} Kh8 {(00:06)} 37. hxg3 {(00:36)} Qxe5 {(00:06)} 38.
Nf3 {(00:39)} Qe6 {(01:11)} 39. Rc7 {(00:43)} Nf6 {
(01:20)} 40. e5 {(00:00)} Nh5 {(00:00)} 41. Re1 {(
01:35)} Nxg3+ {(00:58)} 42. Kh2 {(00:07)} Nf5 {(00:06)}
0-1

[Event "42nd Olympiad Baku 2016 Open"]
[Site "Baku"]
[Date "2016.09.06"]
[Round "5.8"]
[White "Gasimov, Parviz"]
[Black "Chimbamu, Elisha"]
[Result "0-1"]
[ECO "B40"]
[WhiteElo "2323"]
[BlackElo "2114"]
[Annotator ""]
[PlyCount "124"]
[EventDate "2016.??.??"]
[EventType "team-tourn"]
[EventCountry "AZE"]
[SourceTitle "playchess.com"]
[Source "ChessBase"]
[WhiteTeam "Azerbaijan"]
[BlackTeam "Zimbabwe"]
[WhiteTeamCountry "AZE"]
[BlackTeamCountry "ZIM"]
[TimeControl "40/5400+30:1800+30"]

1. e4 {(00:00)} c5 {(00:00)} 2. Nf3 {(00:00)} e6 {(
00:00)} 3. c3 {(00:00)} Nf6 {(00:03)} 4. e5 {(00:01)} Nd5
{(00:01)} 5. d4 {(00:23)} cxd4 {(01:03)} 6. cxd4 {(
00:07)} d6 {(00:15)} 7. a3 {(00:39)} Nc6 {(02:46)} 8. Bd3
{(00:26)} Qc7 {(00:53)} 9. exd6 {(21:16)} Bxd6 {(
02:12)} 10. O-O {(04:50)} Bd7 {(06:31)} 11. Nbd2 {(08:06)}
Nf4 {(06:55)} 12. Bc2 {(04:41)} Rc8 {(06:56)} 13. Ne4 {
(03:30)} Be7 {(09:43)} 14. Nc3 {(12:52)} Nd5 {(11:
50)} 15. Bd2 {(08:08)} O-O {(01:11)} 16. Qe2 {(05:06)} g6
{(09:23)} 17. Bb3 {(04:49)} Nb6 {(14:33)} 18. Ba2 {
(07:52)} Bf6 {(01:56)} 19. Nb5 {(03:27)} Qd8 {(07:
25)} 20. Rad1 {(06:05)} Nd5 {(01:08)} 21. Nd6 {(01:53)}
Rc7 {(03:04)} 22. Nb5 {(02:17)} Rc8 {(00:10)} 23. Nd6 {
(01:10)} Rc7 {(00:09)} 24. Bh6 {(00:45)} Bg7 {(00:
39)} 25. Bg5 {(00:43)} f6 {(02:39)} 26. Bxd5 {(00:58)}
exd5 {(00:28)} 27. Bf4 {(01:23)} a6 {(00:58)} 28. h3 {
(01:19)} Na7 {(08:14)} 29. Rfe1 {(00:40)} Kh8 {(01:
42)} 30. Qe7 {(00:58)} Kg8 {(01:12)} 31. Qxd8 {(00:30)}
Rxd8 {(00:02)} 32. Nf7 {(00:14)} Rdc8 {(00:49)} 33. Bxc7 {
(00:22)} Rxc7 {(00:02)} 34. Nd8 {(00:26)} Bh6 {(01:
18)} 35. Ne6 {(00:31)} Rc2 {(00:14)} 36. Nc5 {(00:40)} Bc6
{(00:38)} 37. Re6 {(00:49)} Kf7 {(00:30)} 38. Rde1 {
(00:28)} Bf8 {(00:01)} 39. R6e2 {(00:23)} Rc4 {(00:
58)} 40. b3 {(00:00)} Rc3 {(00:00)} 41. Re3 {(02:59)} Rc2
{(02:29)} 42. a4 {(13:15)} Nc8 {(01:14)} 43. Ne6 {(
05:40)} Bb4 {(02:10)} 44. Nd8+ {(01:07)} Kg7 {(00:28)} 45.
Rd1 {(00:48)} Nd6 {(01:45)} 46. Ne1 {(03:50)} Rb2 {
(07:45)} 47. Re7+ {(03:52)} Kh6 {(00:23)} 48. Nxc6 {
(01:00)} bxc6 {(00:09)} 49. Rc7 {(01:06)} Ne4 {(02:
25)} 50. Nd3 {(01:19)} Rxb3 {(01:54)} 51. Rxc6 {(00:09)}
a5 {(01:42)} 52. Rb6 {(01:34)} Nc3 {(00:38)} 53. Nc5 {
(00:30)} Rb2 {(00:32)} 54. Rd3 {(00:08)} f5 {(03:
11)} 55. g3 {(00:31)} f4 {(00:48)} 56. Kg2 {(00:53)} Ne4 {
(03:32)} 57. Nxe4 {(00:28)} dxe4 {(00:01)} 58. Rd1 {
(00:30)} e3 {(00:59)} 59. gxf4 {(00:31)} Rxf2+ {(
01:25)} 60. Kg1 {(00:24)} e2 {(02:40)} 61. Rb1 {(00:32)}
Rxf4 {(00:54)} 62. d5 {(00:34)} Bc5+ {(00:17)} 0-1

[Event "42nd Olympiad Baku 2016 Open"]
[Site "Baku"]
[Date "2016.09.06"]
[Round "5.30"]
[White "Gavarrete, Nahun"]
[Black "Silva, David"]
[Result "1/2-1/2"]
[ECO "C45"]
[WhiteElo "2149"]
[BlackElo "2276"]
[Annotator ""]
[PlyCount "62"]
[EventDate "2016.??.??"]
[EventType "team-tourn"]
[EventCountry "AZE"]
[SourceTitle "playchess.com"]
[Source "ChessBase"]
[WhiteTeam "Honduras"]
[BlackTeam "Angola"]
[WhiteTeamCountry "HON"]
[BlackTeamCountry "ANG"]
[TimeControl "40/5400+30:1800+30"]

1. e4 {(00:00)} e5 {(00:00)} 2. Nf3 {(00:00)} Nc6 {
(00:00)} 3. d4 {(00:07)} exd4 {(00:00)} 4. Nxd4 {(
00:09)} Bc5 {(00:08)} 5. Be3 {(00:13)} Qf6 {(00:02)} 6. c3
{(02:41)} Nge7 {(00:04)} 7. Bc4 {(00:41)} Ne5 {(00:
05)} 8. Be2 {(01:19)} d5 {(00:29)} 9. Nd2 {(14:11)} Qg6 {
(06:08)} 10. Qb3 {(13:39)} O-O {(00:46)} 11. exd5 {
(01:37)} a5 {(01:18)} 12. N2f3 {(03:03)} Ng4 {(04:
17)} 13. Bf4 {(09:29)} a4 {(02:34)} 14. Qc4 {(01:43)} b6 {
(04:46)} 15. O-O {(03:12)} Ba6 {(00:44)} 16. Nb5 {(
00:31)} Bxb5 {(00:09)} 17. Qxb5 {(00:22)} Nxd5 {(00:13)}
18. Bg3 {(03:39)} a3 {(05:15)} 19. Rad1 {(05:14)} c6 {
(01:05)} 20. Qb3 {(09:41)} axb2 {(01:51)} 21. Qxb2 {
(00:20)} Ra3 {(09:08)} 22. Ne5 {(00:46)} Nxe5 {(00:
46)} 23. Bxe5 {(00:05)} Qe4 {(13:28)} 24. Bd4 {(03:03)}
Bxd4 {(01:10)} 25. Qxa3 {(04:00)} Nxc3 {(00:17)} 26. Bd3 {
(01:40)} Qd5 {(01:35)} 27. Rc1 {(02:36)} Rd8 {(07:
08)} 28. Rc2 {(05:37)} Bf6 {(01:12)} 29. Rxc3 {(06:05)}
Bxc3 {(00:04)} 30. Qxc3 {(00:13)} Qxd3 {(00:07)} 31. Qxc6
{(00:15)} Qd6 {(00:10)} 1/2-1/2

[Event "42nd Olympiad Baku 2016 Open"]
[Site "Baku"]
[Date "2016.09.06"]
[Round "5.29"]
[White "Gemy, Jose Daniel"]
[Black "Elarbi, Abobker"]
[Result "1/2-1/2"]
[ECO "D45"]
[WhiteElo "2384"]
[BlackElo "2297"]
[Annotator ""]
[PlyCount "107"]
[EventDate "2016.??.??"]
[EventType "team-tourn"]
[EventCountry "AZE"]
[SourceTitle "playchess.com"]
[Source "ChessBase"]
[WhiteTeam "Bolivia"]
[BlackTeam "Libya"]
[WhiteTeamCountry "BOL"]
[BlackTeamCountry "LBY"]
[TimeControl "40/5400+30:1800+30"]

1. d4 {(00:00)} d5 {(00:00)} 2. c4 {(00:00)} c6 {(
00:00)} 3. Nf3 {(00:11)} Nf6 {(00:32)} 4. Nc3 {(00:16)} e6
{(00:17)} 5. e3 {(00:20)} Nbd7 {(00:58)} 6. b3 {(
01:28)} Bb4 {(04:11)} 7. Bd2 {(00:19)} O-O {(00:46)} 8.
Bd3 {(00:35)} dxc4 {(12:45)} 9. bxc4 {(02:00)} e5 {
(02:33)} 10. dxe5 {(03:47)} Ng4 {(03:52)} 11. e6 {(
48:57)} Nde5 {(12:45)} 12. Nxe5 {(16:44)} Nxe5 {(01:33)}
13. Bxh7+ {(00:13)} Kxh7 {(00:18)} 14. Qh5+ {(00:03)} Kg8
{(00:02)} 15. Qxe5 {(00:06)} Bxe6 {(00:21)} 16. Ne4 {
(00:06)} Bxd2+ {(01:47)} 17. Nxd2 {(01:24)} Re8 {(
02:32)} 18. Qc3 {(00:43)} Qg5 {(02:15)} 19. Nf3 {(01:12)}
Qg4 {(04:35)} 20. c5 {(14:32)} Bd5 {(01:13)} 21. h3 {
(00:08)} Qf5 {(13:23)} 22. Nd4 {(01:05)} Qg6 {(00:
26)} 23. Rg1 {(00:44)} Rad8 {(01:51)} 24. a3 {(02:05)} Rd7
{(01:20)} 25. g4 {(01:02)} Be6 {(04:18)} 26. O-O-O {
(00:56)} Red8 {(02:24)} 27. f4 {(01:42)} Qe4 {(00:
30)} 28. h4 {(02:25)} Rd5 {(00:53)} 29. Nxe6 {(00:49)}
Rxd1+ {(00:58)} 30. Rxd1 {(00:02)} Rxd1+ {(00:20)} 31.
Kxd1 {(00:00)} Qxe6 {(00:26)} 32. g5 {(01:28)} Qg4+ {
(00:43)} 33. Kc2 {(00:08)} Qxh4 {(00:41)} 34. Qe5 {
(00:24)} Qf2+ {(00:45)} 35. Kb3 {(00:09)} g6 {(03:
27)} 36. Qe8+ {(00:16)} Kg7 {(00:03)} 37. Qe5+ {(00:03)}
Kg8 {(00:06)} 38. Qe8+ {(00:08)} Kg7 {(00:26)} 39. a4 {
(00:21)} Qd2 {(01:35)} 40. Qe4 {(00:00)} Qd1+ {(00:
00)} 41. Qc2 {(06:58)} Qd5+ {(08:10)} 42. Kb4 {(01:25)}
Kg8 {(05:29)} 43. a5 {(05:31)} a6 {(02:15)} 44. Qc4 {
(01:31)} Qd1 {(04:09)} 45. Qc3 {(01:41)} Qe2 {(00:
54)} 46. Kb3 {(00:48)} Qb5+ {(04:06)} 47. Kc2 {(00:21)}
Qe2+ {(00:16)} 48. Kc1 {(00:11)} Kh7 {(01:41)} 49. Kb1 {
(06:28)} Kg8 {(00:23)} 50. Ka1 {(00:19)} Kh7 {(02:
22)} 51. Kb1 {(05:48)} Kg8 {(00:36)} 52. Kc1 {(01:01)} Kh7
{(00:13)} 53. Kb1 {(05:13)} Kg8 {(00:11)} 54. Kc1 {
(00:06)} 1/2-1/2

[Event "42nd Olympiad Baku 2016 Open"]
[Site "Baku"]
[Date "2016.09.06"]
[Round "5.26"]
[White "Georgiadis, Nico"]
[Black "Taher, Yoseph Theolifus"]
[Result "1/2-1/2"]
[ECO "B92"]
[WhiteElo "2475"]
[BlackElo "2321"]
[Annotator ""]
[PlyCount "63"]
[EventDate "2016.??.??"]
[EventType "team-tourn"]
[EventCountry "AZE"]
[SourceTitle "playchess.com"]
[Source "ChessBase"]
[WhiteTeam "Switzerland"]
[BlackTeam "Indonesia"]
[WhiteTeamCountry "SUI"]
[BlackTeamCountry "INA"]
[TimeControl "40/5400+30:1800+30"]

1. e4 {(00:00)} c5 {(00:00)} 2. Nf3 {(00:00)} d6 {(
00:00)} 3. d4 {(00:00)} cxd4 {(00:00)} 4. Nxd4 {(00:05)}
Nf6 {(00:00)} 5. Nc3 {(00:07)} a6 {(00:00)} 6. Be2 {
(06:03)} e5 {(00:08)} 7. Nb3 {(00:05)} Be7 {(00:17]
} 8. O-O {(00:06)} O-O {(00:10)} 9. Re1 {(00:51)} b6 {
(07:31)} 10. Bf3 {(04:57)} Bb7 {(00:24)} 11. a4 {(
11:08)} Nbd7 {(01:05)} 12. Nd2 {(00:22)} Qc7 {(06:50)} 13.
Nf1 {(01:04)} Rac8 {(01:48)} 14. Bg5 {(20:17)} h6 {
(05:37)} 15. Bxf6 {(01:26)} Nxf6 {(00:22)} 16. Ne3 {
(00:41)} Rfd8 {(01:11)} 17. Re2 {(06:39)} Bc6 {(03:
47)} 18. Ned5 {(17:14)} Nxd5 {(00:25)} 19. Nxd5 {(00:09)}
Bxd5 {(02:11)} 20. Qxd5 {(00:06)} Qc6 {(08:22)} 21. Qxc6 {
(15:15)} Rxc6 {(00:05)} 22. g3 {(00:17)} Rb8 {(00:
45)} 23. c3 {(05:32)} b5 {(03:32)} 24. axb5 {(01:31)} axb5
{(00:05)} 25. Ra7 {(00:10)} Bd8 {(01:18)} 26. Rd2 {
(03:02)} Bc7 {(03:29)} 27. Kg2 {(02:36)} b4 {(01:
09)} 28. cxb4 {(00:35)} Rxb4 {(00:05)} 29. Ra8+ {(00:10)}
Kh7 {(03:53)} 30. Rf8 {(00:13)} Kg6 {(01:19)} 31. Rc8 {
(01:00)} Rc5 {(03:16)} 32. Bd1 {(01:15)} 1/2-1/2

[Event "42nd Olympiad Baku 2016 Open"]
[Site "Baku"]
[Date "2016.09.06"]
[Round "5.30"]
[White "Giasi, Viresh"]
[Black "Filippov, Anton"]
[Result "0-1"]
[ECO "D02"]
[WhiteElo "1979"]
[BlackElo "2582"]
[Annotator ""]
[PlyCount "78"]
[EventDate "2016.??.??"]
[EventType "team-tourn"]
[EventCountry "AZE"]
[SourceTitle "playchess.com"]
[Source "ChessBase"]
[WhiteTeam "Surinam"]
[BlackTeam "Uzbekistan"]
[WhiteTeamCountry "SUR"]
[BlackTeamCountry "UZB"]
[TimeControl "40/5400+30:1800+30"]

1. d4 {(00:27)} d5 {(00:00)} 2. Nf3 {(00:27)} c6 {(
00:00)} 3. g3 {(01:24)} Bf5 {(00:36)} 4. Bg2 {(00:07)} e6
{(00:08)} 5. Nbd2 {(00:50)} Nd7 {(00:26)} 6. O-O {(
02:03)} Be7 {(02:00)} 7. c4 {(00:46)} Ngf6 {(00:36)} 8. b3
{(03:25)} a5 {(01:00)} 9. a3 {(02:14)} O-O {(02:33]
} 10. Bb2 {(01:42)} h6 {(00:38)} 11. Ne5 {(07:09)} Bh7 {
(00:34)} 12. Nxd7 {(13:37)} Qxd7 {(02:12)} 13. Re1 {
(01:05)} Rfd8 {(01:34)} 14. c5 {(06:11)} b6 {(00:
47)} 15. cxb6 {(01:51)} Qb7 {(00:12)} 16. Bc3 {(06:13)}
Qxb6 {(00:25)} 17. Qc1 {(00:30)} Rdb8 {(05:56)} 18. Qb2 {
(01:37)} Ne8 {(01:06)} 19. e4 {(01:08)} Nf6 {(01:
00)} 20. Rab1 {(14:57)} Rb7 {(01:08)} 21. Qa2 {(01:52)}
Qa6 {(03:31)} 22. Rb2 {(02:17)} Rab8 {(01:54)} 23. h3 {
(07:27)} Bg6 {(10:43)} 24. Kh2 {(00:31)} h5 {(01:
59)} 25. Re3 {(02:38)} h4 {(00:39)} 26. Bf1 {(00:52)} Qa7
{(00:39)} 27. e5 {(00:05)} Nd7 {(01:52)} 28. Bd3 {(
00:25)} Bxd3 {(00:59)} 29. Rxd3 {(00:03)} Nxe5 {(00:22)}
30. Re3 {(00:33)} Ng6 {(01:44)} 31. Nf3 {(01:02)} Bd6 {
(01:08)} 32. Kg2 {(00:01)} hxg3 {(00:12)} 33. fxg3 {
(00:04)} e5 {(01:02)} 34. Rb1 {(01:24)} e4 {(00:29]
} 35. Nd2 {(00:09)} f5 {(00:22)} 36. Kh1 {(02:40)} Rf7 {
(01:21)} 37. Qc2 {(01:06)} f4 {(00:15)} 38. gxf4 {(
00:05)} Bxf4 {(00:04)} 39. Re2 {(00:18)} Qd7 {(00:02)} 0-1

[Event "42nd Olympiad Baku 2016 Open"]
[Site "Baku"]
[Date "2016.09.06"]
[Round "5.16"]
[White "Gibson, Franklyn"]
[Black "Kwon, Sehyun"]
[Result "0-1"]
[ECO "A36"]
[WhiteElo "1987"]
[BlackElo "2111"]
[Annotator ""]
[PlyCount "78"]
[EventDate "2016.??.??"]
[EventType "team-tourn"]
[EventCountry "AZE"]
[SourceTitle "playchess.com"]
[Source "ChessBase"]
[WhiteTeam "Bahamas"]
[BlackTeam "Korea"]
[WhiteTeamCountry "BAH"]
[BlackTeamCountry "KOR"]
[TimeControl "40/5400+30:1800+30"]

1. c4 {(01:55)} c5 {(00:00)} 2. g3 {(00:13)} g6 {(
00:05)} 3. Bg2 {(00:11)} Bg7 {(00:08)} 4. Nc3 {(00:12)}
Nc6 {(00:11)} 5. d3 {(00:27)} e6 {(00:31)} 6. e3 {(
01:58)} Nge7 {(02:44)} 7. Nge2 {(00:13)} O-O {(00:34)} 8.
O-O {(00:10)} d5 {(24:39)} 9. cxd5 {(01:07)} Nxd5 {
(00:47)} 10. Nxd5 {(02:15)} exd5 {(00:10)} 11. d4 {
(00:43)} c4 {(01:25)} 12. Nc3 {(09:57)} Be6 {(01:
54)} 13. e4 {(10:55)} Nxd4 {(02:34)} 14. Nxd5 {(00:58)} b5
{(10:53)} 15. Bd2 {(04:52)} Re8 {(06:45)} 16. Bc3 {
(07:29)} Bxd5 {(01:25)} 17. Bxd4 {(16:34)} Bxe4 {(
01:17)} 18. Bxg7 {(03:31)} Qxd1 {(00:56)} 19. Rfxd1 {(01:
59)} Kxg7 {(00:21)} 20. Bxe4 {(01:05)} Rxe4 {(00:09)} 21.
Rd7 {(04:51)} Re2 {(03:29)} 22. a4 {(02:10)} Rxb2 {
(04:23)} 23. axb5 Rxb5 {(06:49)} 24. Rc7 {(01:48)} Rb4 {
(01:24)} 25. Ra6 {(10:46)} Rb6 {(03:06)} 26. Ra4 {(
03:16)} a5 {(01:03)} 27. Rcxc4 {(00:13)} Rb5 {(00:26)} 28.
Rc7 {(00:18)} g5 {(04:54)} 29. g4 {(01:24)} Ra6 {(
01:26)} 30. Kg2 {(00:20)} Rf6 {(00:35)} 31. Ra7 {(02:50)}
Rb2 {(00:21)} 32. R7xa5 {(00:29)} Rfxf2+ {(00:46)} 33. Kg3
{(00:09)} h6 {(00:43)} 34. h3 {(00:43)} Rg2+ {(00:
34)} 35. Kf3 {(00:11)} Rh2 {(00:12)} 36. Kg3 {(00:08)}
Rbg2+ {(00:07)} 37. Kf3 {(00:04)} Rg1 {(00:50)} 38. Rf5 {
(00:37)} Rxh3+ {(00:30)} 39. Ke4 {(00:01)} Rxg4+ {(
00:12] Kd4} 0-1

[Event "42nd Olympiad Baku 2016 Open"]
[Site "Baku"]
[Date "2016.09.06"]
[Round "5.5"]
[White "Giri, Anish"]
[Black "Zhigalko, Sergei"]
[Result "1/2-1/2"]
[ECO "C50"]
[WhiteElo "2755"]
[BlackElo "2652"]
[Annotator ""]
[PlyCount "63"]
[EventDate "2016.??.??"]
[EventType "team-tourn"]
[EventCountry "AZE"]
[SourceTitle "playchess.com"]
[Source "ChessBase"]
[WhiteTeam "Netherlands"]
[BlackTeam "Belarus"]
[WhiteTeamCountry "NED"]
[BlackTeamCountry "BLR"]
[TimeControl "40/5400+30:1800+30"]

1. e4 {(00:00)} e5 {(00:00)} 2. Nf3 {(00:00)} Nc6 {
(00:00)} 3. Bc4 {(03:31)} Bc5 {(00:20)} 4. O-O {(
01:41)} Nf6 {(02:06)} 5. d3 {(00:11)} d6 {(00:53)} 6. c3 {
(00:11)} a6 {(02:05)} 7. a4 {(04:14)} Ba7 {(00:25)}
8. Re1 {(00:33)} O-O {(07:32)} 9. h3 {(00:13)} Be6 {
(21:35)} 10. Bxe6 {(03:06)} fxe6 {(00:04)} 11. Be3 {
(00:05)} Nh5 {(15:48)} 12. g3 {(02:34)} Bxe3 {(06:
34)} 13. Rxe3 {(00:10)} Nf6 {(00:27)} 14. a5 {(07:28)} Qe7
{(09:23)} 15. Nbd2 {(00:24)} Kh8 {(02:50)} 16. d4 {
(08:46)} exd4 {(01:51)} 17. cxd4 {(00:08)} e5 {(00:
49)} 18. d5 {(04:17)} Na7 {(03:11)} 19. Nc4 {(06:04)} Nb5
{(04:34)} 20. Na3 {(08:32)} c6 {(01:36)} 21. Nxb5 {
(00:21)} axb5 {(00:28)} 22. dxc6 {(02:50)} bxc6 {(
00:01)} 23. a6 {(00:44)} Ra7 {(01:18)} 24. Qc2 {(05:33)}
c5 {(00:38)} 25. Ra5 {(07:31)} Qd7 {(00:26)} 26. Qd3 {
(00:12)} Rb8 {(03:02)} 27. g4 {(09:17)} Qc6 {(01:
20)} 28. Re1 {(03:49)} c4 {(01:28)} 29. Qa3 {(05:43)} b4 {
(06:54)} 30. Qa4 {(00:15)} Qxa4 {(01:32)} 31. Rxa4 {
(00:01)} Nd7 {(00:13)} 32. Ra5 {(00:51)} 1/2-1/2

[Event "42nd Olympiad Baku 2016 Open"]
[Site "Baku"]
[Date "2016.09.06"]
[Round "5.32"]
[White "Giron, David"]
[Black "Pitirotjirathon, Jirapak"]
[Result "0-1"]
[ECO "C07"]
[WhiteElo "2174"]
[BlackElo "2205"]
[Annotator ""]
[PlyCount "74"]
[EventDate "2016.??.??"]
[EventType "team-tourn"]
[EventCountry "AZE"]
[SourceTitle "playchess.com"]
[Source "ChessBase"]
[WhiteTeam "Guatemala"]
[BlackTeam "Thailand"]
[WhiteTeamCountry "GUA"]
[BlackTeamCountry "THA"]
[TimeControl "40/5400+30:1800+30"]

1. e4 {(00:00)} e6 {(00:00)} 2. d4 {(00:00)} d5 {(
00:00)} 3. Nd2 {(00:11)} c5 {(00:00)} 4. exd5 {(00:32)}
Qxd5 {(00:09)} 5. Ngf3 {(00:07)} cxd4 {(00:24)} 6. Bc4 {
(00:31)} Qd6 {(00:20)} 7. O-O {(00:14)} Nf6 {(00:
51)} 8. Nb3 {(00:46)} Nc6 {(00:12)} 9. Nbxd4 {(00:08)}
Nxd4 {(00:07)} 10. Nxd4 {(00:07)} a6 {(00:23)} 11. Re1 {
(01:00)} Qc7 {(01:02)} 12. Bf1 {(00:52)} Bc5 {(09:
00)} 13. Bg5 {(02:31)} O-O {(03:24)} 14. Bxf6 {(01:39)}
gxf6 {(00:15)} 15. Qg4+ {(00:17)} Kh8 {(01:30)} 16. Qh4 {
(00:42)} Be7 {(13:57)} 17. Re3 {(02:19)} Rg8 {(05:
04)} 18. Rd1 {(26:37)} f5 {(04:38)} 19. Qh5 {(02:47)} Bf6
{(04:42)} 20. Rc3 {(06:46)} Qe7 {(01:47)} 21. Rh3 {
(15:35)} Rg7 {(03:00)} 22. Re3 {(00:18)} Qf8 {(05:
24)} 23. g3 {(08:50)} f4 {(09:56)} 24. Re4 {(03:09)} e5 {
(01:36)} 25. Qe2 {(00:55)} Bg4 {(17:14)} 26. f3 {(
06:13)} Bd7 {(03:06)} 27. Rxe5 {(09:27)} fxg3 {(00:46)}
28. Rd5 {(09:47)} gxh2+ {(02:14)} 29. Kh1 {(00:47)} Bxd4 {
(06:34)} 30. R5xd4 {(01:07)} Bc6 {(00:37)} 31. Bg2 {
(00:14)} Re8 {(01:05)} 32. Qf2 {(00:18)} Qe7 {(00:
49)} 33. R4d2 {(00:36)} Qe5 {(02:05)} 34. c4 {(00:57)}
Reg8 {(01:53)} 35. Qf1 {(00:36)} Qg3 {(01:20)} 36. Rf2 {
(00:26)} h5 {(00:46)} 37. Re1 {(00:38)} h4 {(00:25]
} 0-1